 Dungeon Crawl Stone Soup version 0.32-a0-163-g159c032296 (webtiles) character file.

Game seed: 2474482034560107563

135 AlmostDecent the Skirmisher (level 4, -6/26 HPs)
             Began as a Deep Elf Hunter on Feb 11, 2024.
             Mangled by a gnoll
             ... wielding a +0 halberd
              (13 damage)
             ... on level 3 of the Dungeon.
             The game lasted 00:04:35 (1878 turns).

AlmostDecent the Skirmisher (Deep Elf Hunter)       Turns: 1878, Time: 00:04:35

Health: -6/26      AC:  3    Str: 16    XL:     4   Next: 97%
Magic:  6/6        EV: 12    Int: 14    God:
Gold:   84         SH:  0    Dex: 18    Spells: 3/3 levels left

rFire   . . .        a - +0 shortbow
rCold   . . .        (shield currently unavailable)
rNeg    . . .        c - +0 leather armour
rPois   +            (no helmet)
rElec   .            (no cloak)
rCorr   .            (no gloves)
SInv    .            (no boots)
Will    .....        (no amulet)
Stlth   ++           d - +6 ring of strength
HPRegen 0.24/turn    i - ring of poison resistance
MPRegen 0.10/turn

%: no passive effects
@: no status effects
A: no striking features
a: no special abilities


You were on level 3 of the Dungeon.
You visited 1 branch of the dungeon, and saw 3 of its levels.

You collected 84 gold pieces.

Inventory:

Hand Weapons
 a - a +0 shortbow (weapon)
 n - a +0 short sword
Armour
 c - a +0 leather armour (worn)
Jewellery
 d - a +6 ring of strength (left hand)
 h - a +4 ring of protection
 i - a ring of poison resistance (right hand)
Scrolls
 b - 2 scrolls of butterflies
 e - 3 scrolls of teleportation {unknown}
 f - 2 scrolls of fog {unknown}
 k - 2 scrolls of revelation {unknown}
 l - a scroll of noise {unknown}
 o - a scroll of identify {unknown}
Potions
 g - a potion of invisibility {unknown}
 j - a potion of might {unknown}
 m - a potion of mutation {unknown}
 p - a potion of enlightenment {unknown}
 q - a potion of curing {unknown}


   Skills:
 + Level 1.9 Fighting
 * Level 8.1 Ranged Weapons
 + Level 0.1 Armour
 + Level 2.5 Dodging
 + Level 1.2 Stealth


You had 3 spell levels left.
You didn't know any spells.
Your spell library contained the following spells:

 Spells                   Type           Power      Damage    Failure   Level
 Inner Flame              Hex/Fire       0%         N/A       71%         3
 Flame Wave               Conj/Fire      0%         2d4       98%         4
 Sticky Flame             Fire/Alch      0%         2d4       98%         4


Dungeon Overview and Level Annotations

Branches:
Dungeon (3/15)

Altars:


Message History

The hobgoblin barely misses you.
Okay, then.
You shoot an arrow.
The arrow hits the hobgoblin but does no damage.
The hobgoblin closely misses you.
You shoot an arrow.
The arrow completely misses the hobgoblin.
The arrow hits the gnoll but does no damage.
The gnoll is severely wounded.
The hobgoblin closely misses you.
You shoot an arrow. The arrow hits the hobgoblin.
The hobgoblin is almost dead.
The hobgoblin barely misses you.
You shoot an arrow. The arrow barely misses the hobgoblin.
The arrow closely misses the gnoll.
The arrow barely misses the gnoll.
The arrow hits the gnoll.
You kill the gnoll!
The hobgoblin hits you but does no damage.
Your Ranged Weapons skill increases to level 8!
You shoot an arrow. The arrow hits the hobgoblin!
You kill the hobgoblin!
You shoot an arrow. The arrow hits the gnoll.
The gnoll is almost dead.
The gnoll unwields a +0 sling.
The gnoll wields a +0 club.
The gnoll hits you with a +0 club.
You shoot an arrow. The arrow hits the gnoll.
You kill the gnoll!
The gnoll hits you from afar with a +0 halberd!
* * * LOW HITPOINT WARNING * * *
You are too injured to fight recklessly!
You are too injured to fight recklessly!
You are too injured to fight recklessly!
Fire: a) +0 shortbow
Press: ? - help, Q - select action Shift-Dir - straight line, f - gnoll
Aim: a gnoll, wielding a +0 halberd (69% to hit)
You shoot an arrow. The arrow hits the gnoll.
The gnoll is moderately wounded.
The gnoll hits you from afar with a +0 halberd!
Ouch! That really hurt!
You die...

#.#
#.....##..##.##.#.....#
#.#
####...####.†#..#.....#
#.# #.......††..........
#.# #........##.##.....#
#.# #................###
#.# #........#######.#
#.######................#
#..........###.#.########
##########@# #.#.## #$#
...... #g##......
#.##..(.... #)..gg......
####....... #.### #


You could see a gnoll.

Vanquished Creatures
  3 gnolls (D:3)
  4 adders
  2 ribbon worms
  4 dart slugs
  5 endoplasms (D:1)
  5 giant cockroaches
  4 goblins
  4 hobgoblins
  7 kobolds
  2 quokkas
  5 ball pythons
  4 bats
  5 frilled lizards
  3 rats
57 creatures vanquished.

Notes
Turn   | Place    | Note
-------+----------+-------------------------------------------
     0 | D:1      | AlmostDecent the Deep Elf Hunter began the quest for the
                  | Orb.
     0 | D:1      | Reached XP level 1. HP: 12/12 MP: 3/3
    94 | D:1      | Reached XP level 2. HP: 15/17 MP: 4/4
   144 | D:1      | Reached skill level 6 in Ranged Weapons
   725 | D:2      | Reached XP level 3. HP: 21/21 MP: 5/5
   925 | D:2      | Reached skill level 7 in Ranged Weapons
   981 | D:2      | Identified the +0 plate armour of Resilience {rCorr}
  1040 | D:2      | Reached XP level 4. HP: 26/26 MP: 6/6
  1875 | D:3      | Reached skill level 8 in Ranged Weapons
  1878 | D:3      | Mangled by a gnoll

Illustrated notes

Levels and vault maps discovered:
D:1:      lemuel_arrival_cross, layout_loops_ring, minmay_pentomino_r4
D:2:      layout_loops_corners, st_stairs_10
D:3:      layout_basic, minmay_close_crescents

Skill      XL: |  1  2  3  4 |
---------------+-------------+-----
Ranged Weapons | 6 7 8 |  8.1
Fighting       | |  1.9
Armour         | |  0.1
Dodging        | |  2.5
Stealth        | |  1.2

Action                     |  1- 3 |  4- 6 || total
---------------------------+-------+-------++-------
   Fire: Shortbow          |   100 |    64 ||   164
 Armour: Leather armour    |    11 |    20 ||    31
  Dodge: Dodged            |    24 |    26 ||    50

Table legend: (Time is in decaauts)
 A = Elapsed time spent in this place.
 B = Non-inter-level travel time spent in this place.
 C = Inter-level travel time spent in this place.
 D = Time resting spent in this place.
 E = Time spent auto-exploring this place.
 F = Levels seen in this place.
 G = Mean time per level.
                   A        B        C        D        E       F      G
               +--------+--------+--------+--------+--------+-----+--------+
         Total |   1892 |   1841 |     51 |      0 |   1566 |   3 |  630.7 |
       Dungeon |   1892 |   1841 |     51 |      0 |   1566 |   3 |  630.7 |
               +--------+--------+--------+--------+--------+-----+--------+

Top non-repeatable levels by time:
     D:2: 729 daAuts
     D:1: 720 daAuts
     D:3: 441 daAuts
